 Dungeon Crawl Stone Soup version 0.31-a0-1074-g0b22e4e0f1 (webtiles) character file.

Game seed: 16020035706028765833

958 BigPumpCobain the Ruffian (level 7, -3/67 HPs)
             Began as a Troll Shapeshifter on Dec 8, 2023.
             Slain by a gnoll
             ... wielding a +0 halberd
             ... led by a gnoll bouda
              (12 damage)
             ... on level 5 of the Dungeon.
             The game lasted 00:08:36 (3559 turns).

BigPumpCobain the Ruffian (Troll Shapeshifter)      Turns: 3559, Time: 00:08:37

Health: -3/67      AC:  4    Str: 25    XL:     7   Next: 91%
Magic:  6/6        EV:  9    Int:  6    God:
Gold:   193        SH:  0    Dex:  9    Spells: 6/6 levels left

rFire   . .          .
                       - Unarmed
rCold   . . .        (no shield)
rNeg    . . .        a - +0 animal skin
rPois   .            (helmet currently unavailable)
rElec   .            (cloak currently unavailable)
rCorr   .            (gloves unavailable)
SInv    .            (boots unavailable)
Will    .....        (no amulet)
Stlth   +            (no ring)
HPRegen 1.11/turn    (no ring)
MPRegen 0.10/turn

%: no passive effects
@: beast-form
A: beast (slay +2), large, unfitting armour, claws 3, regeneration 1, shaggy fur
1, tough skin 1
a: Begin Untransformation


You were on level 5 of the Dungeon.
You were a hulking beast.
You visited 1 branch of the dungeon, and saw 6 of its levels.

You collected 193 gold pieces.

Inventory:

Hand Weapons
 j - a +1 dagger of venom
 p - a +1 dagger of freezing
Armour
 a - a +0 animal skin (worn)
Jewellery
 m - a ring of ice
Talismans
 c - a beast talisman
 d - a flux talisman
Scrolls
 e - 2 scrolls of brand weapon
 f - a scroll of teleportation
 h - a scroll of fear
 n - a scroll of enchant weapon
 r - a scroll of enchant armour
Potions
 b - a potion of lignification
 g - a potion of haste {unknown}
 i - a potion of experience {unknown}
 k - a potion of attraction {unknown}
 l - a potion of resistance {unknown}
 q - a potion of mutation {unknown}
 s - a potion of curing {unknown}


   Skills:
 + Level 3.3 Fighting
 - Level 1.5 Dodging
 + Level 3.4 Shields
 * Level 6.5 Unarmed Combat
 + Level 4.7 Shapeshifting


You had 6 spell levels left.
You didn't know any spells.
Your spell library contained the following spells:

 Spells                   Type           Power      Damage    Failure   Level
 Summon Small Mammal      Summ           0%         N/A       45%         1
 Call Canine Familiar     Summ           0%         N/A       83%         3
 Stone Arrow              Conj/Erth      0%         3d7       83%         3
 Summon Guardian Golem    Hex/Summ       0%         N/A       83%         3
 Animate Armour           Summ/Erth      0%         N/A       99%         4
 Lehudib's Crystal Spear  Conj/Erth      0%         10d2      100%        8


Dungeon Overview and Level Annotations

Branches:
Dungeon (6/15)
 Temple: D:4-7

Altars:
Fedhas
Yredelemnul

Annotations:
D:1 1 transporter


Innate Abilities, Weirdness & Mutations

You are a hulking beast.
Your limbs bulge with bestial killing power. (Slay +2)
You are too large for most types of armour.
You have claws for hands.
Your natural rate of healing is unusually fast.
You are covered in fur. (AC +1)
You have tough skin. (AC +1)


Message History

HP restored.
You climb downwards.
An orc comes into view. It is wielding a +0 flail.
The orc hits you but does no damage.
The gnoll hits you from afar with a +0 spear.
There is a stone staircase leading up, spattered with blood here.
The orc hits you with a +0 short sword. The orc priest hits you with a +0 club.
The gnoll barely misses you.
You climb upwards.
There is a stone staircase leading down, spattered with blood here.
You scratch the orc priest. You claw the orc priest!
You kill the orc priest!
The orc hits you with a +0 short sword.
Your life force feels restored.
You mangle the orc!!
You kill the orc!
You start resting.
HP restored.
You climb downwards.
The gnoll hits you with a +0 whip.
There is a stone staircase leading up, spattered with blood here.
The gnoll hits you with a +0 whip. The gnoll hits you but does no damage.
The gnoll hits you with a +0 spear. The gnoll hits you with a +0 halberd!
There is a stone staircase leading up, spattered with blood here.
The gnoll hits you with a +0 whip. The gnoll hits you with a +0 spear.
The gnoll hits you with a +0 halberd!
You climb upwards.
There is a stone staircase leading down, spattered with blood here.
You completely miss the gnoll. The gnoll hits you with a +0 whip.
The gnoll barely misses you. The gnoll hits you with a +0 halberd.
You scratch the gnoll but do no damage. The gnoll hits you with a +0 whip.
The gnoll hits you with a +0 spear.
You barely miss the gnoll. The gnoll hits you with a +0 halberd!
* * * LOW HITPOINT WARNING * * *
The gnoll closely misses you. The gnoll hits you with a +0 spear.
* * * LOW HITPOINT WARNING * * *
You claw the gnoll!
The gnoll is severely wounded.
The gnoll hits you with a +0 halberd!
You die...

#..##.........(.# #.#
#.# ...##......(....#
#.# #)#
...##...........# #.#
#.# ................#
###.# #.#
.#....#.........#
#...# #.#
................#
#.### #.#
#######.........####.#
#.#
......#........g##...#
#.#
#####.#.##.....)hg.###
#.# #.#.########g###
#.# #.#.# #.# #.#
#.#.# #.# #.# # #.#.#
#.# #.# # #.#.# #.#
#.# ## #.#.# #.# #.#
.# #.#.# #.# #.# .##
#.#.########.# #.#


You could see 3 gnolls.

Vanquished Creatures
  Sigmund (D:5)
  Edmund (D:5)
  A black bear (D:5)
  An ice beast (D:5)
  A kobold brigand (D:5)
  A howler monkey (D:5)
  A hound (D:4)
  A gnoll bouda (D:5)
  2 orc priests (D:5)
  Jessica (D:2)
  3 iguanas (D:4)
  2 gnolls (D:5)
  8 adders
  A shadow imp (D:5)
  A white imp (D:5)
  A dart slug (D:5)
  5 orcs
  2 bats
  7 endoplasms
  A giant cockroach (D:4)
  7 goblins
  3 hobgoblins
  3 jackals (D:4)
  3 quokkas
  7 ball pythons
  3 frilled lizards
  11 kobolds
  3 rats (D:2)
82 creatures vanquished.

Notes
Turn   | Place    | Note
-------+----------+-------------------------------------------
     0 | D:1      | BigPumpCobain the Troll Shapeshifter began the quest for
                  | the Orb.
     0 | D:1      | Reached XP level 1. HP: 18/18 MP: 0/0
    97 | D:1      | Reached skill level 1 in Fighting
    98 | D:1      | Reached XP level 2. HP: 25/27 MP: 1/1
   478 | D:2      | Noticed Jessica
   483 | D:2      | Killed Jessica
   484 | D:2      | Reached skill level 1 in Shields
   484 | D:2      | Reached XP level 3. HP: 28/33 MP: 2/2
   601 | D:2      | Found a blossoming altar of Fedhas.
   711 | D:2      | Reached XP level 4. HP: 41/41 MP: 3/3
  1269 | D:4      | Reached skill level 4 in Unarmed Combat
  1469 | D:4      | Reached XP level 5. HP: 27/49 MP: 4/4
  2055 | D:4      | Found a basalt altar of Yredelemnul.
  2362 | D:5      | Entered Level 5 of the Dungeon
  2424 | D:5      | Noticed Sigmund
  2440 | D:5      | Killed Sigmund
  2441 | D:5      | Reached skill level 5 in Unarmed Combat
  2441 | D:5      | Reached XP level 6. HP: 32/58 MP: 5/5
  2640 | D:5      | Reached XP level 7. HP: 47/66 MP: 6/6
  2817 | D:5      | Noticed Edmund
  2822 | D:5      | Reached skill level 6 in Unarmed Combat
  2826 | D:5      | Killed Edmund
  3559 | D:5      | Slain by a gnoll

Illustrated notes

Levels and vault maps discovered:
D:1:      spicycebolla_arrival_transporter_tutorial, layout_rooms,
          minmay_misc_feat_more_columns, minmay_pentomino_s4
D:2:      layout_loops_ring, basic_altar, chequers_garden, uniq_jessica
D:3:      cheibrodos_greedy_goblins, layout_basic, minmay_starry_boxes
D:4:      layout_layer_cave, yredelemnul_altar_generic
D:5:      wad_pebble_path, layout_basic, serial_bayou_pond_a,
          nicolae_eternal_life, minmay_misc_feat_tiny, grunt_decor_clamped,
          uniq_edmund, uniq_sigmund
D:6:      layout_loops_ring, centaur_isle, uniq_duvessa, uniq_jeremiah

Skill      XL: |  1  2  3  4  5  6  7 |
---------------+----------------------+-----
Fighting       | 1 2 3 |  3.3
Shields        | 1 2 3 |  3.4
Unarmed Combat | 4 5 6 |  6.5
Shapeshifting  | 4 |  4.7
Dodging        | |  1.5

Action                     |  1- 3 |  4- 6 |  7- 9 || total
---------------------------+-------+-------+-------++-------
  Melee: Unarmed           |    45 |    95 |    42 ||   182
         Punch             |       |     3 |     1 ||     4
    Use: Scroll            |       |     5 |     2 ||     7
         Potion            |       |     1 |       ||     1
   Stab: Sleeping          |       |     1 |       ||     1
 Armour: Animal skin       |    21 |    73 |    51 ||   145
         Skin              |       |    55 |     2 ||    57
  Dodge: Dodged            |    17 |    37 |    17 ||    71

Table legend: (Time is in decaauts)
 A = Elapsed time spent in this place.
 B = Non-inter-level travel time spent in this place.
 C = Inter-level travel time spent in this place.
 D = Time resting spent in this place.
 E = Time spent auto-exploring this place.
 F = Levels seen in this place.
 G = Mean time per level.
                   A        B        C        D        E       F      G
               +--------+--------+--------+--------+--------+-----+--------+
         Total |   3546 |   3312 |    234 |    180 |   2637 |   6 |  591.0 |
       Dungeon |   3546 |   3312 |    234 |    180 |   2637 |   6 |  591.0 |
               +--------+--------+--------+--------+--------+-----+--------+

Top non-repeatable levels by time:
     D:5: 1178 daAuts
     D:4: 1094 daAuts
     D:2: 726 daAuts
     D:1: 476 daAuts
     D:3: 57 daAuts
     D:6: 13 daAuts
